 Dungeon Crawl Stone Soup version 0.27-a0-1612-gde56a17b89 (webtiles) character file.

Game seed: 16816316299844709402

3549 blipblop the Basher (level 9, -7/79 HPs)
             Began as a Minotaur Fighter on July 22, 2021.
             Was a Priest of Okawaru.
             Mangled by Laraso's ghost (19 damage)
             ... on level 8 of the Dungeon.
             The game lasted 00:14:26 (6552 turns).

blipblop the Basher (Minotaur Fighter)              Turns: 6552, Time: 00:14:26

Health: -7/79      AC: 16    Str: 24    XL:     9   Next: 83%
Magic:  8/8        EV:  7    Int:  9    God:    Okawaru [***...]
Gold:   506        SH: 11    Dex: 13    Spells: 8/8 levels left

rFire    + . .     SeeInvis +   j - +10 morningstar "Ywky" {vamp, Contam +Rage Will+ Int+4}
rCold    . . .     Faith    +   c - +0 kite shield
rNeg     . . .     Spirit   .   d - +0 plate armour {rF+}
rPois    .         Reflect  .   (helmet restricted)
rElec    .         Harm     .   (no cloak)
rCorr    .         Rampage  .   k - +0 pair of gloves {Str+3}
Will     +....                  v - +0 pair of boots
Stlth    ..........             C - amulet of faith
HPRegen  0.23/turn              i - ring of see invisible
MPRegen  0.11/turn              r - ring of flight

@: attractive, flying, studying Maces & Flails
A: horns 2, retaliatory headbutt
a: Renounce Religion, Evoke Berserk Rage, Heroism


You were on level 8 of the Dungeon.
You worshipped Okawaru.
Okawaru was most pleased with you.
You visited 2 branches of the dungeon, and saw 9 of its levels.

You collected 506 gold pieces.

Inventory:

Hand Weapons
 a - a +0 vorpal flail
 j - the +10 morningstar "Ywky" (weapon) {vamp, Contam +Rage Will+ Int+4}
   (You acquired it on level 2 of the Dungeon)

   It occasionally heals its wielder for a portion of the damage dealt when it
   wounds a living foe.
   Int:       It affects your intelligence (+4).
   +Rage:     It lets you go berserk.
   Contam:    It causes magical contamination when unequipped.
   Will:      It increases your willpower.
Missiles
 g - 2 throwing nets (quivered)
 x - a curare-tipped dart
Armour
 c - a +0 kite shield (worn)
 d - a +0 plate armour of fire resistance (worn)
 k - a +0 pair of gloves of strength (worn)
 v - a +0 pair of boots (worn)
Jewellery
 i - a ring of see invisible (left hand)
 l - a ring of willpower
 o - a ring of ice
 r - a ring of flight (right hand)
 s - a ring of willpower
 B - a ring of fire
 C - an amulet of faith (around neck)
Wands
 D - a wand of flame (7)
Scrolls
 b - 3 scrolls of fog
 f - 3 scrolls of blinking
 h - a scroll of enchant weapon
 t - 2 scrolls of teleportation
 u - 3 scrolls of identify
 w - 2 scrolls of vulnerability {unknown}
 y - a scroll of magic mapping
 A - a scroll of enchant armour {unknown}
 E - a scroll of amnesia
 G - a scroll of summoning {unknown}
Potions
 e - a potion of attraction
 m - 2 potions of curing {unknown}
 n - a potion of brilliance {unknown}
 q - a potion of flight {unknown}
 z - a potion of haste {unknown}
 F - a potion of invisibility {unknown}


   Skills:
 * Level 7.5 Fighting
 * Level 13.9 Maces & Flails
 * Level 8.3 Armour
 * Level 5.2 Dodging
 + Level 0.4 Stealth
 * Level 7.4 Shields


You had 8 spell levels left.
You didn't know any spells.
Your spell library contained the following spells:

 Spells                   Type           Power      Damage    Failure   Level
 Magic Dart               Conj           0%         1d3       100%        1
 Shock                    Conj/Air       0%         1d3       100%        1
 Call Imp                 Summ           0%         N/A       100%        2
 Poisonous Vapours        Pois/Air       0%         N/A       100%        2
 Dazzling Flash           Conj/Hex       0%         N/A       100%        3
 Mephitic Cloud           Conj/Pois/Air  0%         N/A       100%        3
 Swiftness                Air            0%         N/A       100%        3
 Airstrike                Air            0%         N/A       100%        4
 Iskenderun's Mystic Bla  Conj/Tloc      0%         2d3       100%        4
 Freezing Cloud           Conj/Ice/Air   0%         6-21      100%        5
 Starburst                Conj/Fire      0%         8x6d3     100%        6


Dungeon Overview and Level Annotations

Branches:
Dungeon (8/15)             Temple (1/1) D:4
   Lair: D:8-11

Altars:
Ashenzari
Cheibriados
Dithmenos
Elyvilon
Fedhas
Gozag
Hepliaklqana
Kikubaaqudgha
Nemelex Xobeh
Okawaru
Qazlal
Ru
Sif Muna
Trog
Uskayaw
Vehumet
Wu Jian
Xom
Yredelemnul
Zin
The Shining One

Shops:
D:4 *

Annotations:
D:8 Laraso's ghost, novice HOFi


Innate Abilities, Weirdness & Mutations

You have a pair of horns on your head.
You reflexively headbutt those who attack you in melee.


Message History

Laraso's ghost is moderately damaged.
You feel sick. You block Laraso's ghost's attack.
The spriggan hits you from afar with a +0 trident.
You closely miss Laraso's ghost.
Laraso's ghost is moderately damaged.
You feel sick. Laraso's ghost hits you!
The spriggan hits you from afar with a +0 trident.
You are too injured to fight recklessly!
You are too injured to fight recklessly!
Unknown command.
You are too injured to fight recklessly!
You are too injured to fight recklessly!
You feel much better.
You feel sick. You block Laraso's ghost's attack.
The spriggan hits you from afar with a +0 trident!
It was a potion of attraction.
You feel attractive to monsters.
You feel sick. Laraso's ghost hits you!!
The spriggan hits you from afar with a +0 trident!
* * * LOW HITPOINT WARNING * * *
You feel much better.
You feel sick. Laraso's ghost hits you!
* * * LOW HITPOINT WARNING * * *
You are electrocuted!
* * * LOW HITPOINT WARNING * * *
The spriggan hits you but does no damage.
You feel sick.
You barely miss Laraso's ghost.
You headbutt Laraso's ghost, but do no damage.
Laraso's ghost is moderately damaged.
You feel sick. You block Laraso's ghost's attack.
The spriggan barely misses you.
You completely miss Laraso's ghost.
Laraso's ghost is moderately damaged.
You feel sick. You block Laraso's ghost's attack.
You block the spriggan's attack.
You puncture Laraso's ghost!
Laraso's ghost is heavily damaged.
You feel sick.
You are no longer poisoned.
Laraso's ghost hits you!!
You die...

....##### #<.............###'####
..#.##########.######....# #.# #
###............# #....###'#### #
###########..######............ #
#..#...##..#.#.......
#############..#...##..#.#.......
...............'...+.............
[.....######...........#..###.###
......##...♣♣#8.@.8#♣♣.#..# #.# #
......##...♣[♣##W##♣.♣.#..# #.# #
...........♣.♣♣♣♣i♣..♣.#..###.###
.###..#####♣♣ ♣hh.♣♣......(....
_..#..######♣ !.♣♣♣............
.#..........♣ ..♣. ♣.....#######
........#...♣ ... . ♣............
......[.#####♣♣♣♣♣♣♣#.....##.....
........#####..##................


You could see a spriggan, 2 wolves and Laraso's ghost.

Vanquished Creatures
  A two-headed ogre (D:8)
  Maggie (D:7)
  A spriggan (D:8)
  A steam dragon (D:8)
  Duvessa (D:6)
  2 ice beasts
  2 orc warriors
  A black bear (D:6)
  A hornet zombie (D:8)
  3 ogres (D:7)
  3 centaurs
  2 phantoms
  A kobold brigand (D:7)
  A bullfrog (D:8)
  Dowan (D:6)
  2 howler monkeys (D:7)
  2 bullfrog zombies (D:6)
  A gnoll shaman (D:4)
  A centaur skeleton (D:6)
  An orc priest (D:8)
  A bullfrog skeleton (D:6)
  3 centaur zombies
  A hound (D:6)
  A jelly (D:4)
  3 orc wizards
  Jessica (D:2)
  2 iguanas (D:5)
  Natasha (D:3)
  A killer bee zombie (D:7)
  A hound skeleton (D:4)
  A howler monkey zombie (D:5)
  9 adders
  7 gnolls
  2 white imps (D:6)
  An ufetubus (D:5)
  An adder skeleton (D:4)
  5 worms
  3 dart slugs
  29 orcs
  7 endoplasms
  2 giant cockroaches
  4 goblins
  5 hobgoblins
  5 jackals (D:2)
  5 quokkas
  7 ball pythons
  9 bats
  4 frilled lizards
  11 kobolds
  6 rats
167 creatures vanquished.

Vanquished Creatures (others)
  A fungus (D:8)
  5 plants (D:8)
6 creatures vanquished.

Grand Total: 173 creatures vanquished

Notes
Turn   | Place    | Note
-------+----------+-------------------------------------------
     0 | D:1      | blipblop the Minotaur Fighter began the quest for the Orb.
     0 | D:1      | Reached XP level 1. HP: 19/19 MP: 0/0
   115 | D:1      | Reached XP level 2. HP: 24/27 MP: 1/1
   654 | D:1      | Reached skill level 3 in Maces & Flails
   654 | D:1      | Reached XP level 3. HP: 33/33 MP: 2/2
   834 | D:1      | Found a faded altar of an unknown god.
  1283 | D:2      | Reached skill level 1 in Dodging
  1504 | D:2      | Reached XP level 4. HP: 40/40 MP: 3/3
  1669 | D:2      | Noticed Jessica
  1676 | D:2      | Killed Jessica
  1704 | D:2      | Identified 2 scrolls of acquirement
  1704 | D:2      | Acquired the +10 morningstar "Ywky" {vamp, Contam +Rage
                  | Will+ Int+4}
  1707 | D:2      | Acquired a manual of Maces & Flails
  2013 | D:3      | Found a hide-covered altar of Uskayaw.
  2038 | D:3      | Found a shimmering blue altar of Sif Muna.
  2044 | D:3      | Reached XP level 5. HP: 42/46 MP: 4/4
  2118 | D:3      | Reached skill level 4 in Maces & Flails
  2204 | D:3      | Acquired a +0 pair of gloves of strength
  2380 | D:3      | Noticed Natasha
  2385 | D:3      | Reached skill level 5 in Maces & Flails
  2388 | D:3      | Killed Natasha
  2389 | D:3      | Reached skill level 5 in Armour
  2522 | D:4      | Noticed a phantom
  2526 | D:4      | Killed a phantom
  2527 | D:4      | Reached XP level 6. HP: 51/53 MP: 5/5
  2610 | D:4      | Reached skill level 6 in Maces & Flails
  2767 | D:4      | Found Caisyfic's Assorted Antiques.
  2987 | D:4      | Noticed an orc warrior
  3001 | D:4      | Killed an orc warrior
  3002 | D:4      | Reached skill level 5 in Fighting
  3002 | D:4      | Reached skill level 7 in Maces & Flails
  3002 | D:4      | Reached skill level 5 in Shields
  3002 | D:4      | Reached XP level 7. HP: 18/61 MP: 6/6
  3305 | D:4      | Found a staircase to the Ecumenical Temple.
  3317 | Temple   | Entered the Ecumenical Temple
  3326 | Temple   | Became a worshipper of Warmaster Okawaru
  3379 | D:5      | Entered Level 5 of the Dungeon
  3395 | D:5      | Found a shimmering altar of Xom.
  3395 | D:5      | Found a shimmering altar of Xom.
  3395 | D:5      | Found a shimmering altar of Xom.
  3396 | D:5      | Found a shimmering altar of Xom.
  3396 | D:5      | Found a shimmering altar of Xom.
  3398 | D:5      | Found a shimmering altar of Xom.
  3425 | D:5      | Found a blossoming altar of Fedhas.
  3677 | D:5      | Found an opulent altar of Gozag.
  3732 | D:5      | Reached skill level 8 in Maces & Flails
  3892 | D:5      | Found a stormy altar of Qazlal.
  4140 | D:6      | Noticed Dowan
  4141 | D:6      | Noticed Duvessa
  4149 | D:6      | Killed Duvessa
  4149 | D:6      | Reached * piety under Okawaru
  4150 | D:6      | Reached XP level 8. HP: 65/69 MP: 7/7
  4152 | D:6      | Killed Dowan
  4153 | D:6      | Reached skill level 9 in Maces & Flails
  4297 | D:6      | Found a sparkling altar of Nemelex Xobeh.
  4433 | D:6      | Reached skill level 10 in Maces & Flails
  4548 | D:6      | Identified the +6 war axe "Orb Guardian's Regret" {vamp,
                  | rElec Str+3}
  4841 | D:7      | Reached ** piety under Okawaru
  4935 | D:7      | Reached skill level 11 in Maces & Flails
  5149 | D:7      | Noticed Maggie
  5157 | D:7      | Killed Maggie
  5158 | D:7      | Reached XP level 9. HP: 78/78 MP: 8/8
  5540 | D:8      | Noticed a two-headed ogre
  5549 | D:8      | Killed a two-headed ogre
  5550 | D:8      | Reached skill level 12 in Maces & Flails
  5678 | D:8      | Reached *** piety under Okawaru
  5790 | D:8      | Found a runed translucent door.
  5794 | D:8      | Noticed Laraso's ghost (novice HOFi)
  5795 | D:8      | Identified the +1 trident "Ezxilon" {venom, rElec rCorr
                  | Str+4 SInv}
  5832 | D:8      | Reached skill level 13 in Maces & Flails
  5932 | D:8      | Reached skill level 5 in Dodging
  5980 | D:8      | Found a snail-covered altar of Cheibriados.
  6142 | D:8      | Found a broken altar of Ashenzari.
  6552 | D:8      | Mangled by Laraso's ghost

Illustrated notes

Levels and vault maps discovered:
D:1:      wander_arrival_fairy_ring, layout_basic,
          shapermc_ecumenical_altar_mp_urbaneastern, minmay_tetromino_o4
D:2:      layout_rooms, serial_forest, infiniplex_forest_straight_3,
          infiniplex_forest_end_3, infiniplex_forest_clump_small,
          infiniplex_forest_clump_curved, infiniplex_forest_clump_curved,
          infiniplex_forest_straight_4, infiniplex_forest_straight_4,
          uniq_jessica
D:3:      layout_rooms, nicolae_uskayaw_murder_on_the_dancefloor,
          nicolae_sif_muna_condensation, minmay_misc_feat_rugged, uniq_natasha
D:4:      layout_loops_ring, temple_hall, serial_shops, nicolae_square_shop
D:5:      layout_loops_ring, nicolae_qazlal_scattered_showers,
          mainiacjoe_overflow_chevrons, overflow_temple_1_default,
          xom_redecorated
D:6:      layout_cave_pools, mainiacjoe_overflow_24_doors, serial_undead,
          serial_undead_c, serial_undead_b, serial_undead_f, serial_undead_c,
          uniq_duvessa
D:7:      layout_cave_pools, roderic_lattice_a, uniq_maggie
D:8:      layout_basic, lemuel_crystal_altar, nicolae_overflow_hidden_temple,
          ebering_ghost_funeral_grove
Temple:   nicolae_temple_no_exploring_needed

Skill      XL: |  1  2  3  4  5  6  7  8  9 |
---------------+----------------------------+-----
Shields        | 4 5 6 7 |  7.4
Fighting       | 4 5 6 7 |  7.5
Armour         | 4 5 6 7 8 |  8.3
Maces & Flails | 3 5 7 8 11 13 | 13.9
Dodging        | 1 2 3 4 5 |  5.2
Stealth        | |  0.4

Action                   |  1- 3 |  4- 6 |  7- 9 || total
-------------------------+-------+-------+-------++-------
Melee: Flail             |    86 |    31 |       ||   117
       Headbutt          |    15 |    21 |    36 ||    72
       Morningstar       |       |   103 |   167 ||   270
  Use: Potion            |     2 |       |     4 ||     6
       Scroll            |       |     5 |     6 ||    11
Armor: Scale mail        |    88 |       |       ||    88
       Plate armour      |     3 |    93 |    78 ||   174
Dodge: Dodged            |    54 |    34 |    32 ||   120
Block: Kite shield       |    97 |    96 |    92 ||   285

Table legend: (Time is in decaauts)
 A = Elapsed time spent in this place.
 B = Non-inter-level travel time spent in this place.
 C = Inter-level travel time spent in this place.
 D = Time resting spent in this place.
 E = Time spent auto-exploring this place.
 F = Levels seen in this place.
 G = Mean time per level.
                   A        B        C        D        E       F      G
               +--------+--------+--------+--------+--------+-----+--------+
         Total |   6678 |   6608 |     70 |      0 |   5411 |   9 |  742.0 |
       Dungeon |   6659 |   6589 |     70 |      0 |   5411 |   8 |  832.4 |
        Temple |     18 |     18 |      0 |      0 |      0 |   1 |   18.0 |
               +--------+--------+--------+--------+--------+-----+--------+

Top non-repeatable levels by time:
     D:1: 1294 daAuts
     D:8: 1023 daAuts
     D:4: 950 daAuts
     D:7: 782 daAuts
     D:5: 771 daAuts
     D:2: 757 daAuts
     D:6: 618 daAuts
     D:3: 462 daAuts
  Temple: 18 daAuts
